Map: Pride of Altaris LE

Players

AkiraElric

  • Race: Zerg Zerg
  • League: Bronze

Tithmar - Winner!

  • Race: Protoss Protoss
  • League: Master

VOD

Have the link to the VOD?

Description

Time

  • Played on: April 29, 2022, 11:40 a.m.
  • Length: 10:50
Show
View Real Time Build Order
Export as new Build Order

AkiraElric Zerg 

Build Orders: Pool First 

Get SALT Encoding   

  12  0:28  Drone x2  
  14  0:29  Spawning Pool  
  14  0:35  Overlord  
  13  0:46  Drone  
  14  0:54  Extractor  
  14  0:56  Drone  
  14  1:00  Drone  
  15  1:16  Drone  
  15  1:18  Queen  
  18  1:26  Zergling x2  
  19  2:04  Drone x3  
  22  2:19  Hatchery  
  21  2:25  Drone  
  22  2:34  Extractor  
  21  2:40  Zergling x2  
  21  2:43  Overlord  
  21  2:44  Overlord x2  
  22  3:00  Lair  
  22  3:21  Zergling x6  
  22  3:22  Zergling x6  
  28  3:37  Drone  
  29  4:14  Drone  
  29  4:15  Drone x2  
  31  4:25  Drone x3  
  31  4:27  Evolution Chamber  
  27  5:05  Zerg Melee Weapons Level 1  
  27  5:07  Metabolic Boost  
  26  5:11  Drone x2  
  26  5:12  Drone  
  26  5:13  Lair  
  29  5:23  Hydralisk Den  
  28  5:32  Roach Warren  
  27  5:38  Drone x2  
  27  5:39  Drone x3  
  27  5:40  Evolution Chamber  
  31  5:43  Zergling x4  
  31  5:44  Zergling x4  
  35  5:55  Drone x2  
  35  5:56  Drone  
  38  6:03  Extractor  
  37  6:05  Extractor  
  37  6:08  Zerg Ground Armor Level 1  
  36  6:16  Glial Reconstitution  
  36  6:21  Grooved Spines  
  36  6:29  Drone x3  
  36  6:32  Drone x3  
  42  7:02  Zerg Melee Weapons Level 2  
  42  7:08  Queen  
  44  7:18  Nydus Network  
  43  7:47  Infestation Pit  
  42  8:00  Zergling x4  
  42  8:01  Zergling x12  
  42  8:02  Zergling x2  
  51  8:07  Zerg Ground Armor Level 2  
  51  8:39  Muscular Augments  
  51  8:41  Hatchery  
  50  8:44  Hive  
  37  10:07  Hydralisk  
  37  10:08  Hydralisk x5  
  41  10:14  Overlord x2  
  41  10:15  Overlord  
  41  10:19  Roach  
  41  10:20  Roach x6  
  49  10:21  Roach  
Show
View Real Time Build Order
Export as new Build Order

Tithmar Protoss - Winner!

Build Orders:  

Get SALT Encoding   

  12  0:00  Probe  
  13  0:12  Probe  
  14  0:20  Pylon  
  14  0:25  Probe  
  15  0:40  Gateway  
  15  0:43  Probe (Chrono Boost)  
  16  0:52  Assimilator  
  16  0:54  Probe (Chrono Boost)  
  17  0:59  Probe (Chrono Boost)  
  18  1:16  Probe  
  19  1:28  Probe  
  20  1:48  Nexus  
  20  1:52  Cybernetics Core  
  20  1:58  Probe  
  21  2:08  Zealot (Chrono Boost), Assimilator  
  20  2:12  Probe  
  23  2:39  Robotics Facility  
  23  2:54  Pylon  
  23  3:00  Stalker  
  23  3:03  Pylon  
  25  3:07  Probe  
  25  3:10  Probe  
  27  3:18  Gateway  
  28  3:20  Probe  
  28  3:21  Gateway, Twilight Council  
  28  3:22  Probe, Warp Gate (Chrono Boost)  
  29  3:29  Observer (Chrono Boost)  
  29  3:30  Stalker  
  32  3:35  Probe x2  
  34  3:47  Probe x2  
  36  3:52  Pylon  
  36  3:59  Charge (Chrono Boost)  
  36  4:04  Immortal (Chrono Boost)  
  40  4:18  Gateway  
  40  4:19  Gateway  
  38  4:31  Pylon  
  34  4:45  Adept  
  34  4:46  Stalker  
  37  4:58  Probe x2  
  38  5:10  Probe x2  
  40  5:14  Sentry x2  
  40  5:15  Stalker  
  40  5:16  Stalker  
  48  5:22  Probe x2  
  50  5:34  Probe x2  
  50  5:35  Gateway  
  52  5:39  Gateway  
  52  5:46  Probe  
  52  5:47  Probe  
  52  5:49  Pylon  
  54  5:59  Probe x2  
  56  6:05  Gateway  
  56  6:07  Pylon  
  56  6:10  Gateway  
  56  6:11  Probe  
  57  6:14  Gateway  
  57  6:20  Pylon  
  57  6:25  Templar Archives  
  57  6:27  Pylon  
  57  6:38  Immortal  
  61  7:16  Blink  
  61  7:17  Psionic Storm  
  61  7:24  Zealot x3  
  61  7:25  Zealot x6  
  61  7:26  Zealot  
  81  7:31  Warp Prism  
  83  7:47  Stalker x2  
  83  7:48  Stalker  
  83  7:49  Stalker  
  91  7:51  Zealot  
  91  7:57  Pylon  
  93  8:00  Pylon  
  93  8:03  Pylon  
  93  8:34  Zealot x3  
  93  8:35  Zealot x3  
  93  8:36  Stalker x2  
  93  8:37  Stalker  
  111  8:43  Pylon  
  111  8:59  High Templar  
  113  9:12  High Templar  
  115  9:20  Assimilator  
  115  9:22  Assimilator  
  115  9:31  Archon  
  115  9:42  Nexus  
Tags
 
Add a new tag
Caveats
  • Supply blocks, unpowered buildings, or Contaminate may cause inaccurate times.
  • Supply counts are checked every 10 seconds.